 Dungeon Crawl Stone Soup version 0.19.1-1-g22dce08 (webtiles) character file.

4711 ponk the Impaler (level 10, -8/78 HPs)
             Began as a Minotaur Monk on Jan 15, 2017.
             Was an Elder of Trog.
             Killed by divine providence
             ... invoked by an orc priest
              (11 damage)
             ... on level 8 of the Dungeon.
             The game lasted 00:28:58 (9512 turns).

ponk the Impaler (Minotaur Monk)                    Turns: 9512, Time: 00:28:59

Health: -8/78      AC:  6    Str: 18    XL:     10   Next: 22%
Magic:  9/9        EV: 13    Int:  7    God:    Trog [****..]
Gold:   331        SH:  0    Dex: 14    Spells: 0 memorised, 9 levels left

rFire  . . .     SeeInvis +     F - +0 spear (venom)
rCold  . . .     Gourm    .     m - +0 leather armour
rNeg   . . .     Faith    .     (no shield)
rPois  .         Spirit   .     (helmet restricted)
rElec  .         Reflect  .     v - +0 cloak
rCorr  .         Harm     .     B - +1 pair of gloves
MR     +....                    (no boots)
Stlth  ++........               (no amulet)
                                G - ring of see invisible
                                s - ring of protection from magic

@: exhausted, slowed, very slow
A: retaliatory headbutt, horns 2
a: Berserk, Trog's Hand, Brothers in Arms, Burn Spellbooks, Renounce Religion


You were on level 8 of the Dungeon.
You worshipped Trog.
Trog was greatly pleased with you.
You were hungry.

You visited 2 branches of the dungeon, and saw 9 of its levels.

You collected 331 gold pieces.

Inventory:

Hand Weapons
 a - a +1 spear
 w - a +1 vampiric dagger
 F - a +0 spear of venom (weapon)
 M - a +0 shortbow
Missiles
 l - 39 arrows
 o - 22 poisoned needles
Armour
 m - a +0 leather armour (worn)
 v - a +0 cloak (worn)
 B - a +1 pair of gloves (worn)
Jewellery
 d - an uncursed ring of stealth
 k - an uncursed ring of fire
 p - an uncursed ring of ice
 s - a ring of protection from magic (left hand)
 G - a ring of see invisible (right hand)
Wands
 j - a wand of acid (0/15)
 t - a wand of flame (19/48)
 D - a wand of iceblast (8/15)
 H - a wand of lightning (5/15)
Scrolls
 b - 3 scrolls of teleportation
 e - 2 scrolls of enchant weapon
 y - a scroll of magic mapping
 L - a scroll of fear
Potions
 f - 7 potions of curing
 h - a potion of flight {unknown}
 i - a potion of agility
 q - 4 potions of invisibility
 u - a potion of degeneration {unknown}
 x - a potion of haste
 E - a potion of brilliance {unknown}
 I - 2 potions of berserk rage {unknown}
 J - a potion of mutation {unknown}
 K - a potion of ambrosia {unknown}
Books
 A - a book of Maledictions

   Spells                             Type                      Level
   a - Corona                         Hexes                        1
   b - Ensorcelled Hibernation        Hexes/Ice                    2
   c - Confuse                        Hexes                        3
   d - Tukima's Dance                 Hexes                        3
   e - Dazzling Spray                 Conjuration/Hexes            3
   Trog disapproves of the use of such an item.
Comestibles
 c - 5 bread rations
 g - 2 slices of pizza
 r - 3 meat rations
 z - 2 beef jerkies
 C - a fruit


   Skills:
 - Level 3.8 Fighting
 * Level 16.8 Polearms
 - Level 3.3 Dodging
 - Level 1.5 Stealth


You had 9 spell levels left.
You didn't know any spells.

Dungeon Overview and Level Annotations

Branches:
Dungeon (8/15)             Temple (1/1) D:5
   Lair: D:8-11

Altars:
Ashenzari
Cheibriados
Dithmenos
Elyvilon
Fedhas
Gozag
Hepliaklqana
Kikubaaqudgha
Makhleb
Nemelex Xobeh
Qazlal
Ru
Sif Muna
Trog
Uskayaw
Vehumet
Xom
Zin
The Shining One

Shops:
D:4 (   D:7 *   D:8 (


Innate Abilities, Weirdness & Mutations

You reflexively headbutt those who attack you in melee.
You have a pair of horns on your head.


Message History

You see here a dagger.
The orc priest shouts!
An orc comes into view.
The orc priest hits you but does no damage.
You are too injured to fight recklessly!
You are too injured to fight recklessly!
You are too injured to fight recklessly!
You are too injured to fight recklessly!
You barely miss the orc priest.
The orc priest mumbles some strange prayers to Beogh against you.
Beogh smites you!
* * * LOW HITPOINT WARNING * * *
You hit the orc priest.
The orc priest is poisoned.
Your headbutt misses the orc priest.
The orc priest is moderately wounded.
You hit the orc priest.
The orc priest is moderately wounded.
The orc priest invokes the aid of Beogh against you.
Beogh smites you!
You die...

≈≈≈≈≈..##########.###....#.#..###
≈≈≈≈≈..# #.# ####'#.......
≈≈≈≈...# #.# #........####
.≈≈≈...# #.# #........'...
..≈≈...# #.###........####
..≈....# #o#..........####
.......# ######'#..............
#####†######^.)........#'#'#.####
#........)).@o.....#.#!#.####
########...........#.#.......
######+######.#...####
#.#......##..# #.#......'..>#
#.#......###.# #........# #.#
#..♣..######.# #♣.∩.♣.......#


You could see an orc priest and an orc.

Vanquished Creatures
  Pikel (D:4)
  A deep elf mage (D:7)
  The ghost of dngmouse the Cleaver, a novice HOFi of Makhleb (D:5)
  Prince Ribbit (D:5)
  A wyvern (D:8)
  Menkaure (D:7)
  4 orc warriors
  A slave (D:3)
  A black bear (D:6)
  4 ice beasts
  A sky beast (D:5)
  An ogre (D:4)
  3 wolves (D:8)
  2 centaurs (D:8)
  A gnoll sergeant (D:7)
  2 bullfrogs
  3 scorpions (D:5)
  3 howler monkeys
  2 electric eels (D:8)
  A crimson imp (D:7)
  Crazy Yiuf (D:3)
  5 hounds
  2 jellies
  5 orc priests
  5 orc wizards
  A bullfrog skeleton (D:8)
  3 worker ants
  Ijyb (D:3)
  Terence (D:3)
  An iguana (D:4)
  A killer bee zombie (D:5)
  8 gnolls
  14 adders
  3 shadow imps
  2 oozes
  2 adder zombies (D:5)
  An adder skeleton (D:5)
  4 worms
  3 dart slugs
  3 leopard geckos
  30 orcs
  12 bats
  5 giant cockroaches
  5 goblins
  5 hobgoblins
  3 jackals
  3 quokkas
  8 frilled lizards
  A jackal skeleton (D:5)
  12 kobolds
  A leopard gecko zombie (D:6)
  A quokka zombie (D:7)
  4 rats
  A fungus (D:5)
192 creatures vanquished.

Vanquished Creatures (others)
  A ball python (D:4)
  A quokka (D:4)
  A fungus (D:5)
3 creatures vanquished.

Grand Total: 195 creatures vanquished

Notes
Turn   | Place    | Note
-------+----------+-------------------------------------------
     0 | D:1      | ponk the Minotaur Monk began the quest for the Orb.
     0 | D:1      | Reached XP level 1. HP: 19/19 MP: 0/0
    48 | D:1      | Reached skill level 4 in Polearms
    48 | D:1      | Reached XP level 2. HP: 21/27 MP: 1/1
   763 | D:2      | Reached XP level 3. HP: 17/33 MP: 2/2
   767 | D:2      | Reached skill level 5 in Polearms
  1230 | D:2      | Reached XP level 4. HP: 40/40 MP: 3/3
  1684 | D:3      | Noticed Terence
  1686 | D:3      | Noticed Ijyb
  1697 | D:3      | Killed Terence
  1697 | D:3      | Reached skill level 6 in Polearms
  1722 | D:3      | Killed Ijyb
  1969 | D:3      | Reached skill level 7 in Polearms
  1969 | D:3      | Reached XP level 5. HP: 46/46 MP: 4/4
  2735 | D:3      | Found a runed door.
  2896 | D:3      | Reached skill level 8 in Polearms
  3050 | D:3      | Noticed Crazy Yiuf
  3060 | D:3      | Killed Crazy Yiuf
  3060 | D:3      | Reached XP level 6. HP: 35/52 MP: 5/5
  3301 | D:4      | Found Fynega's Weapon Shop.
  3301 | D:4      | Noticed a slave
  3306 | D:4      | Noticed Pikel
  3306 | D:4      | Noticed a slave
  3307 | D:4      | Noticed a slave
  3342 | D:4      | Noticed a slave
  3420 | D:3      | Killed a slave
  3784 | D:4      | Noticed an ice beast
  3798 | D:4      | Killed an ice beast
  3992 | D:4      | Killed Pikel
  3992 | D:4      | Reached skill level 10 in Polearms
  3992 | D:4      | Reached XP level 7. HP: 52/58 MP: 6/6
  4358 | D:5      | Entered Level 5 of the Dungeon
  4370 | D:5      | Reached skill level 11 in Polearms
  4734 | D:4      | Reached XP level 8. HP: 66/66 MP: 7/7
  4900 | D:5      | Found a staircase to the Ecumenical Temple.
  4917 | Temple   | Entered the Ecumenical Temple
  4994 | Temple   | Became a worshipper of Trog the Wrathful
  4994 | Temple   | Reached * piety under Trog
  4994 | Temple   | Reached ** piety under Trog
  5226 | D:5      | Found a sacrificial altar of Ru.
  5252 | D:5      | Noticed Prince Ribbit
  5263 | D:5      | Killed Prince Ribbit
  5263 | D:5      | Reached skill level 12 in Polearms
  5468 | D:5      | Noticed dngmouse's ghost (novice HOFi)
  5478 | D:5      | Killed dngmouse's ghost
  5478 | D:5      | Reached skill level 13 in Polearms
  6652 | D:6      | Reached XP level 9. HP: 71/71 MP: 8/8
  6721 | D:6      | Reached skill level 14 in Polearms
  6937 | D:6      | Found a glowing silver altar of Zin.
  7363 | D:7      | Noticed Menkaure
  7383 | D:7      | Killed Menkaure
  7789 | D:7      | Reached *** piety under Trog
  7901 | D:7      | Found an opulent altar of Gozag.
  7926 | D:7      | Found Gozag's Platinum Reserve.
  7959 | D:7      | Reached skill level 15 in Polearms
  8390 | D:7      | Noticed a deep elf mage
  8401 | D:7      | Killed a deep elf mage
  8486 | D:8      | Found Soympaw's Antique Weapon Shop.
  8540 | D:8      | Reached skill level 16 in Polearms
  8636 | D:8      | Reached XP level 10. HP: 42/78 MP: 9/9
  9188 | D:8      | Reached **** piety under Trog
  9510 | D:8      | HP: 3/78 [orc priest/divine providence (13)]
  9512 | D:8      | Killed from afar by an orc priest

Skill      XL: |  1  2  3  4  5  6  7  8  9 |
---------------+----------------------------+-----
Polearms       | 4 5 7 8 10 11 13 16 | 16.8
Fighting       | |  3.8
Dodging        | |  3.3
Stealth        | |  1.5

Action                   |  1- 3 |  4- 6 |  7- 9 | 10-12 || total
-------------------------+-------+-------+-------+-------++-------
Melee: Spear             |    92 |   201 |   400 |    91 ||   784
       Headbutt          |    11 |    35 |    61 |    13 ||   120
Invok: Burn Spellbooks   |       |       |     1 |       ||     1
       Berserk           |       |       |     4 |     2 ||     6
Evoke: Wand              |       |     2 |     4 |     1 ||     7
  Use: Scroll            |     5 |     5 |     9 |       ||    19
       Potion            |       |       |       |     1 ||     1
 Stab: Sleeping          |     2 |     3 |    11 |       ||    16
       Distracted        |     1 |       |     2 |       ||     3
       Held in net/web   |       |       |     1 |       ||     1
  Eat: Chunk             |     1 |     8 |    19 |     4 ||    32
Armor: Leather armour    |    11 |    21 |    41 |    21 ||    94
       Robe              |     4 |       |       |       ||     4
Dodge: Dodged            |    42 |    74 |    75 |    57 ||   248
